 Dungeon Crawl Stone Soup version 0.29.0-4-gdea44cf6ec (webtiles) character file.

Game seed: 15312775331669762082

2 qw the Chopper (level 1, 0/12 HPs)
             Began as a Tengu Warper on Aug 28, 2022.
             Killed from afar by a dart slug (2 damage)
             ... with a slug dart
             ... on level 1 of the Dungeon.
             The game lasted 00:00:00 (162 turns).

qw the Chopper (Tengu Warper)                        Turns: 162, Time: 00:00:00

Health: 0/12       AC:  3    Str: 11    XL:     1   Next: 40%
Magic:  4/4        EV: 11    Int: 13    God:
Gold:   0          SH:  0    Dex: 13    Spells: 4/4 levels left

rFire   . . .      SeeInvis .   a - +0 hand axe
rCold   . . .      Faith    .   (no shield)
rNeg    . . .      Spirit   .   b - +0 leather armour
rPois   .          Reflect  .   (helmet restricted)
rElec   .          Harm     .   (no cloak)
rCorr   .          Rampage  .   (no gloves)
Will    .....                   (boots unavailable)
Stlth   +.........              (no amulet)
HPRegen 0.04/turn               (no ring)
MPRegen 0.09/turn               (no ring)

@: no status effects
A: beak, talons 3
a: no special abilities


You were on level 1 of the Dungeon.
You visited 1 branch of the dungeon, and saw 1 of its levels.


Innate Abilities, Weirdness & Mutations

You have a beak for a mouth.
You have claws for feet.


   Skills:
 - Level 2.0 Fighting
 + Level 2.5 Axes
 - Level 1.0 Throwing
 - Level 1.1 Armour
 - Level 2.1 Dodging
 - Level 2.0 Spellcasting
 - Level 2.4 Translocations


You had 4 spell levels left.
You didn't know any spells.
Your spell library contained the following spells:

 Spells                   Type           Power      Damage    Failure   Level
 Blink                    Tloc           14%        N/A       19%         2
 Gell's Gravitas          Tloc           7%         N/A       36%         3
 Lesser Beckoning         Tloc           7%         N/A       36%         3
 Teleport Other           Tloc           7%         N/A       36%         3
 Manifold Assault         Tloc           7%         N/A       98%         5

Inventory:

Hand Weapons
 a - a +0 hand axe (weapon)
Missiles
 d - 5 boomerangs of dispersal (quivered)
Armour
 b - a +0 leather armour (worn)
Scrolls
 c - a scroll of blinking
 e - a scroll of enchant weapon {unknown}

Dungeon Overview and Level Annotations

Branches:
Dungeon (1/15)

Altars:


Message History

Found a stone staircase leading down.
There is an escape hatch in the floor here.
e - a scroll labelled CUNAKAL WEOCOE An endoplasm comes into view.
Throw: 7 boomerangs (disperse)
Press: ? - help, Q - select action Shift-Dir - straight line, f - endoplasm You throw a boomerang of dispersal.
The boomerang of dispersal hits the endoplasm.
The endoplasm blinks!
The endoplasm is heavily wounded.
Throw: 6 boomerangs (disperse)
Press: ? - help, Q - select action Shift-Dir - straight line, f/p - endoplasm You throw a boomerang of dispersal.
The boomerang of dispersal hits the endoplasm.
The endoplasm blinks!
You kill the endoplasm!
A ball python comes into view.
The ball python hisses angrily.
The ball python bites you. The ball python grabs you.
The ball python constricts you.
You barely miss the ball python. Your kick misses the ball python.
The ball python closely misses you. The ball python constricts you.
You hit the ball python. Your kick misses the ball python.
You peck the ball python.
You kill the ball python!
You start resting.
HP restored.
Found a stone staircase leading down.
Enter note:
Enter note:
Found a dagger.
Enter note: A dart slug comes into view.
The dart slug launches a dart at you. The slug dart hits you.
The dart slug launches a dart at you. The slug dart hits you.
The dart slug launches a dart at you. The slug dart hits you.
You die...

#.# #. ..# #.# #. #.#
#.# #.## #.# #.# #...
#.# #.# #..# #.# #.#
#.w# #.# #.# #..#
#.###.# #.@######.....#
#.........#####
##.######.# #.# #.#
########.# #.#
#........# #.#
#.######## #.#
########.#############.#
.......................#


You could see a dart slug.

Vanquished Creatures
  A ball python (D:1)
  An endoplasm (D:1)
2 creatures vanquished.

Notes
Turn   | Place    | Note
-------+----------+-------------------------------------------
     0 | D:1      | qw the Tengu Warper began the quest for the Orb.
     0 | D:1      | Reached XP level 1. HP: 12/12 MP: 4/4
     0 | D:1      | 0 ||| qw: Version: 0.1-a-89-g26bdef1
     0 | D:1      | 0 ||| qw: Game counter: 1499
     0 | D:1      | 0 ||| qw: Always use a shield: true
     0 | D:1      | 0 ||| qw: God list: Okawaru
     0 | D:1      | 0 ||| qw: Allow faded altars: false
     0 | D:1      | 0 ||| qw: Do Orc after D:15 true
     0 | D:1      | 0 ||| qw: Do second Lair branch before Depths: true
     0 | D:1      | 0 ||| qw: Lair rune preference: random
     0 | D:1      | 0 ||| qw: Plans: Normal
     0 | D:1      | 0 ||| PLANNING D:1-11
   161 | D:1      | HP: 2/12 [dart slug/slug dart (5)]
   162 | D:1      | Killed from afar by a dart slug

Levels and vault maps discovered:
D:1:      dpeg_arrival_tiny_a, layout_loops_ring, serial_forest,
          infiniplex_forest_straight_1, infiniplex_forest_fountain,
          infiniplex_forest_lined_room_2, infiniplex_forest_end_2,
          infiniplex_forest_3_way, infiniplex_forest_clump_medium,
          infiniplex_forest_zigzag_1, infiniplex_forest_split,
          infiniplex_forest_fountain, infiniplex_forest_clump_double,
          ebering_ecumenical_altar_rust

Action                   || total
-------------------------++-------
Melee: Hand axe          ||     2
       Peck              ||     1
Throw: Boomerang         ||     2
Dodge: Dodged            ||     1

Table legend:
 A = Non-vault XP
 B = Vault XP
 C = Vault XP percentage of total XP
 D = Non-vault monster count
 E = Vault monster count
 F = Vault count percentage of total count
                 A         B        C        D         E       F
            +---------+---------+-------+---------+---------+-------
      Total |       4 |       0 |   0.0 |       2 |       0 |   0.0
            +---------+---------+-------+---------+---------+-------
        D:1 |       4 |       0 |   0.0 |       2 |       0 |   0.0
            +---------+---------+-------+---------+---------+-------
